Match 46961509
Unlisted

Match 46961509
End
Construct Infanterie Kompanie
Selects Luftwaffe Battlegroup
Selects Luftwaffe Pioneer Support
Fallschirmpioneer Squad Paradrop
Grenadier Squad
Fallschirmpioneer Squad Paradrop
Selects Stuka Strafing Run
Construct Luftwaffe Kompanie
Flak 30 Anti-aircraft Gun Team
Selects Fallschirmjäger Squad Paradrop
Fallschirmjäger Squad Paradrop
Jäger Squad
Medical Station
Stuka Strafing Run
Construct Panzer Kompanie
Selects Stuka Loiter
Stoßtruppen Squad
Selects LG40 Recoilless Gun Paradrop
LG40 Recoilless Gun Paradrop
Panzer IV Medium Tank
Panzer IV Medium Tank
Fallschirmpioneer Squad Paradrop
Side Skirts
Stuka Strafing Run
Grenadier Squad
Panzer IV Medium Tank
Stuka Loiter
Selects Infantry Reserves
Panzer IV Medium Tank
Fallschirmpioneer Squad Paradrop
Stuka Strafing Run
Señor Woofers
♠♣ Kvothe ♠♣
0
0

Comments sign in to comment!

No comments posted yet!